 Dungeon Crawl Stone Soup version 0.23.2-40-g277498a001 (webtiles) character file.

Game seed: 1613009728096239716

8402 H0rd4k the Slicer (level 11, -1/83 HPs)
             Began as a Human Artificer on Oct 8, 2019.
             Was an Initiate of Gozag.
             Hit by a large rock thrown by a cyclops (27 damage)
             ... on level 10 of the Dungeon.
             The game lasted 00:33:19 (12835 turns).

H0rd4k the Slicer (Human Artificer)                Turns: 12835, Time: 00:33:20

Health: -1/83      AC: 16    Str: 14    XL:     11   Next: 55%
Magic:  15/15      EV: 33    Int: 10    God:    Gozag
Gold:   550        SH:  0    Dex: 15    Spells: 10/10 levels left

rFire    . . .     SeeInvis .   n - +0 dagger (venom)
rCold    . . .     Gourm    .   (no shield)
rNeg     . . .     Faith    .   I - +3 robe of Clouds {+Thunder rCloud rElec}
rPois    .         Spirit   .   s - +1 helmet
rElec    +         Reflect  .   (no cloak)
rCorr    .         Harm     .   (no gloves)
MR       +....                  R - +2 pair of boots
Stlth    +++.......             B - amulet of the acrobat
HPRegen  0.23/turn              y - +6 ring of protection
MPRegen  0.14/turn              w - ring of protection from magic

@: about to teleport, acrobat
A: dopey 1
a: Potion Petition, Call Merchant, Bribe Branch, Renounce Religion, Evoke
Thunderclouds


You were on level 10 of the Dungeon.
You worshipped Gozag.
Gozag was pleased with you.
You were not hungry.

You visited 2 branches of the dungeon, and saw 11 of its levels.

You collected 701 gold pieces.
You paid 151 gold pieces to Gozag.

Inventory:

Hand Weapons
 n - a +0 dagger of venom (weapon)
 p - a +0 dagger of draining
Missiles
 H - 4 tomahawks (quivered)
 J - a throwing net
Armour
 h - the +1 robe "Fuocakki" {*Corrode rElec MR++ Regen+}
   (You found it on level 8 of the Dungeon)

   It insulates you from electricity.
   It affects your resistance to hostile enchantments.
   It increases your rate of regeneration.
   It may corrode you when you take damage.
 s - a +1 helmet (worn)
 E - the -2 pair of boots "Ricou" {*Contam +Blink rCorr Stlth-}
   (You found it on level 4 of the Dungeon)

   It lets you blink.
   It causes magical contamination when unequipped.
   It provides partial protection from all sources of acid and corrosion.
   It makes you less stealthy.
 F - a +0 ring mail of poison resistance
 G - a +2 robe of magic resistance
 I - the +3 robe of Clouds (worn) {+Thunder rCloud rElec}
   (You found it on level 9 of the Dungeon)

   It insulates you from electricity.
 R - a +2 pair of boots (worn)
Jewellery
 k - an uncursed ring of ice
 w - a ring of protection from magic (right hand)
 y - a +6 ring of protection (left hand)
 z - a +4 ring of slaying {unknown}
 B - an amulet of the acrobat (around neck)
 P - a +3 ring of strength {unknown}
Wands
 d - a wand of enslavement (2)
 j - a wand of acid (5)
 q - a wand of random effects (10)
 M - a wand of flame (12)
Scrolls
 c - 2 scrolls of teleportation
 g - 2 scrolls of noise
 i - 2 scrolls of fear
 m - 3 scrolls of enchant armour
 o - 2 scrolls of amnesia
 t - 6 scrolls of remove curse
 u - a scroll of fog
 A - a scroll of enchant weapon {unknown}
 D - a scroll of blinking
 K - a scroll of brand weapon {unknown}
 O - 3 scrolls of identify
 Q - a scroll of vulnerability {unknown}
Potions
 a - a potion of mutation {unknown}
 b - a potion of curing
 e - a potion of ambrosia {unknown}
 l - 2 potions of degeneration
 r - 3 potions of agility
 v - a potion of invisibility {unknown}
 x - a potion of flight
 C - 2 potions of magic {unknown}
 L - a potion of cancellation {unknown}
 N - a potion of brilliance {unknown}
Comestibles
 f - 26 rations


   Skills:
 + Level 6.7 Fighting
 + Level 9.5 Short Blades
 + Level 0.6 Throwing
 + Level 4.3 Armour
 + Level 9.1 Dodging
 + Level 6.5 Stealth
 + Level 6.1 Evocations


You had 10 spell levels left.
You didn't know any spells.
Your spell library was empty.

Dungeon Overview and Level Annotations

Branches:
Dungeon (10/15)            Temple (1/1) D:7            Lair (0/6) D:8
    Orc: D:9-12

Altars:
Ashenzari
Cheibriados
Elyvilon
Fedhas
Gozag
Hepliaklqana
Nemelex Xobeh
Okawaru
Qazlal
Ru
Sif Muna
Uskayaw
Vehumet
Wu Jian
Xom
Zin
The Shining One

Shops:
D:7 }


Innate Abilities, Weirdness & Mutations

You are dopey. (Int -2)


Message History

You barely miss the cyclops. You hit the cyclops but do no damage.
The cyclops is lightly wounded.
The cyclops misses you.
You hit the cyclops.
The cyclops looks as sick as possible!
The cyclops is lightly wounded.
You hit the cyclops but do no damage.
The cyclops looks as sick as possible!
The cyclops is lightly wounded.
You hit the cyclops.
The cyclops is lightly wounded.
The cyclops hits you!
You hit the cyclops but do no damage.
The cyclops looks as sick as possible!
The cyclops is lightly wounded.
You barely miss the cyclops.
The cyclops is lightly wounded.
As you read the scroll of teleportation, it crumbles to dust.
You feel strangely unstable. The cyclops barely misses you.
The cyclops throws a large rock.
The large rock hits you!!
You die...
Your body crumbles into a pile of gold.

#.# ##.## #. #... ... #...
.>## #..# #..# #..###.#.
#..# #...#... #.C#
#..#.#.# $
#..#######..#.#.#
#..@............##
#................###
#......[.#.<........
#..........###...###
##.......### ##.##
#####......## #(#
.........##.# #.#
###########.# #.#
#############)#######.####


You could see a cyclops.

Vanquished Creatures
  A two-headed ogre (D:9)
  Pikel (D:4)
  A cyclops (D:7)
  Psyche (D:9)
  Grinder (D:5)
  A troll (D:9)
  Sigmund (D:5)
  6 yaks (D:10)
  A vampire (D:9)
  A wyvern (D:8)
  4 hogs (D:7)
  A human (D:7)
  2 orc warriors (D:6)
  4 sky beasts
  2 ice beasts
  9 ogres
  A centaur (D:5)
  A crocodile (D:9)
  A big kobold (D:10)
  4 bullfrogs
  A water moccasin skeleton (D:8)
  5 killer bees (D:10)
  2 scorpions
  5 wights (D:9)
  3 howler monkeys
  3 crimson imps
  A quasit (D:7)
  2 jellies
  A gnoll shaman (D:4)
  4 orc priests
  5 hounds
  A centaur skeleton (D:10)
  4 iguanas
  Terence (D:3)
  7 orc wizards
  12 worker ants
  2 hound zombies
  3 hound skeletons
  A worker ant zombie (D:8)
  A howler monkey zombie (D:8)
  8 gnolls
  17 adders
  An ooze (D:6)
  4 adder skeletons
  An adder zombie (D:5)
  3 worms
  2 dart slugs
  5 leopard geckos
  23 orcs
  11 giant cockroaches
  14 goblins
  11 hobgoblins
  11 jackals
  15 kobolds
  5 quokkas
  3 ball pythons
  A ball python skeleton (D:5)
  9 bats
  6 frilled lizards
  A leopard gecko skeleton (D:4)
  9 rats
268 creatures vanquished.

Vanquished Creatures (collateral kills)
  An ogre (D:4)
1 creature vanquished.

Vanquished Creatures (others)
  A worker ant (D:4)
  An adder (D:3)
  An orc (D:4)
  A giant cockroach (D:1)
  A frilled lizard (D:2)
  A plant (D:6)
6 creatures vanquished.

Grand Total: 275 creatures vanquished

Notes
Turn   | Place    | Note
-------+----------+-------------------------------------------
     0 | D:1      | H0rd4k the Human Artificer began the quest for the Orb.
     0 | D:1      | Reached XP level 1. HP: 15/15 MP: 3/3
   189 | D:1      | Reached XP level 2. HP: 16/21 MP: 4/4
   971 | D:1      | Reached XP level 3. HP: 24/26 MP: 5/5
   985 | D:1      | Reached skill level 1 in Armour
  1489 | D:2      | Reached XP level 4. HP: 24/32 MP: 6/6
  1692 | D:2      | Found an iron altar of Okawaru.
  2015 | D:2      | Reached XP level 5. HP: 31/38 MP: 7/7
  3000 | D:3      | Reached XP level 6. HP: 28/46 MP: 8/8
  3128 | D:3      | Noticed Terence
  3614 | D:4      | Noticed an ogre
  3719 | D:5      | Entered Level 5 of the Dungeon
  3765 | D:5      | Noticed a sky beast
  3793 | D:5      | Killed a sky beast
  3843 | D:5      | Reached XP level 7. HP: 19/51 MP: 10/10
  4305 | D:5      | Noticed Sigmund
  4315 | D:5      | Killed Sigmund
  4562 | D:5      | Reached XP level 8. HP: 37/58 MP: 11/11
  4565 | D:5      | Noticed Grinder
  4680 | D:4      | Reached skill level 5 in Short Blades
  5167 | D:4      | Noticed Pikel
  5209 | D:4      | Killed Pikel
  5405 | D:4      | Found a radiant altar of Vehumet.
  5478 | D:4      | Found a hide-covered altar of Uskayaw.
  5736 | D:4      | Reached XP level 9. HP: 49/65 MP: 12/12
  5808 | D:4      | Got a pair of jewelled boots
  5819 | D:4      | Identified the cursed -2 pair of boots "Ricou" {*Contam
                  | +Blink rCorr Stlth-} (You found it on level 4 of the
                  | Dungeon)
  5834 | D:4      | Gained mutation: You are dopey. (Int -2) [mutagenic glow]
  6026 | D:4      | Reached skill level 5 in Dodging
  6789 | D:6      | Reached skill level 5 in Evocations
  8076 | D:7      | Noticed a cyclops
  8164 | D:7      | Reached XP level 10. HP: 73/73 MP: 13/13
  8183 | D:7      | Reached skill level 5 in Fighting
  8237 | D:7      | Found a sacrificial altar of Ru.
  8309 | D:7      | Noticed an angel
  8310 | D:7      | Found a glowing silver altar of Zin.
  8313 | D:7      | Found a shimmering altar of Xom.
  8440 | D:8      | Found a staircase to the Lair.
  9198 | D:8      | Found a white marble altar of Elyvilon.
  9200 | D:8      | Got a creamy pearl robe
  9211 | D:8      | Identified the +1 robe "Fuocakki" {*Corrode rElec MR++
                  | Regen+} (You found it on level 8 of the Dungeon)
  9233 | D:8      | Found a sparkling altar of Nemelex Xobeh.
  9233 | D:8      | Found a blossoming altar of Fedhas.
  9640 | D:9      | Reached skill level 5 in Stealth
 10032 | D:9      | Found the +3 robe of Clouds {+Thunder rCloud rElec}
 10192 | D:9      | Noticed a two-headed ogre
 10221 | D:9      | Killed a two-headed ogre
 10325 | D:9      | Noticed Psyche
 10334 | D:9      | Killed Psyche
 10460 | D:9      | HP: 3/76 [wight/+1 scimitar (12)]
 10474 | D:9      | Reached XP level 11. HP: 6/81 MP: 15/15
 10963 | D:9      | Found a glowing golden altar of the Shining One.
 11098 | D:7      | Killed a cyclops
 11303 | D:7      | Found a staircase to the Ecumenical Temple.
 11340 | Temple   | Entered the Ecumenical Temple
 11375 | Temple   | Became a worshipper of Gozag Ym Sagoz the Greedy
 11726 | D:7      | Found Gyufuam's Gadget Shop.
 12004 | D:3      | Killed Terence
 12069 | D:3      | Found a snail-covered altar of Cheibriados.
 12070 | D:3      | Found a shattered altar of Ashenzari.
 12276 | D:5      | Killed Grinder
 12473 | D:10     | Entered Level 10 of the Dungeon
 12807 | D:10     | Noticed a cyclops
 12835 | D:10     | Hit by a large rock thrown by a cyclops

Skill      XL: |  1  2  3  4  5  6  7  8  9 10 11 |
---------------+----------------------------------+-----
Armour         | 1 2 3 4 |  4.3
Fighting       | 2 3 4 6 |  6.7
Dodging        | 3 4 6 8 9 |  9.1
Short Blades   | 2 3 4 6 7 8 9 |  9.5
Evocations     | 4 5 6 |  6.1
Stealth        | 2 4 5 6 |  6.5
Throwing       | |  0.6

Action                   |  1- 3 |  4- 6 |  7- 9 | 10-12 || total
-------------------------+-------+-------+-------+-------++-------
Melee: Short sword       |   103 |       |       |       ||   103
       Dagger            |    48 |   269 |   518 |   789 ||  1624
Throw: Tomahawk          |       |       |     4 |       ||     4
 Abil: Evoke Thunderclou |       |       |       |     2 ||     2
Evoke: Wand              |     8 |    13 |    19 |    20 ||    60
  Use: Scroll            |       |       |    13 |     3 ||    16
       Potion            |       |       |       |     2 ||     2
 Stab: Sleeping          |       |     2 |     5 |    16 ||    23
       Confused          |       |       |     1 |       ||     1
       Distracted        |       |       |       |     4 ||     4
  Eat: Chunk             |     2 |     7 |     8 |    11 ||    28
       Ration            |       |       |     2 |     2 ||     4
Armor: Leather armour    |    54 |    91 |   101 |       ||   246
       Robe              |       |       |    22 |   116 ||   138
Dodge: Dodged            |   125 |   155 |   282 |   416 ||   978
